[Event "Early-Titled-Tuesday-Blitz-June-18-2024"]
[Site "Chess.com"]
[Date "2024.06.18"]
[Round "8"]
[White "tetrix83"]
[Black "DvaHrasta"]
[Result "1-0"]
[WhiteElo "2673"]
[BlackElo "2511"]
[TimeControl "180+1"]
[EndTime "9:31:16 PDT"]
[Termination "tetrix83 won on time"]

1. e4 c6 2. d4 d5 3. exd5 cxd5 4. Bd3 Nc6 5. c3 e5 6. dxe5 Nxe5 7. Bb5+ Nc6 8. Nf3 Bc5 9. O-O Ne7 10. Re1 O-O 11.
Be3 Bxe3 12. Rxe3 Qb6 13. Bxc6 Nxc6 14. Qb3 Na5 15. Qxb6 axb6 16. Nbd2 Nc4 17. Nxc4 dxc4 18. Re7 Rd8 19. Nd4 Bd7 20. a3 Kf8 21. Rae1 Re8 22.
Rxe8+ Rxe8 23. Rxe8+ Kxe8 24. f4 Ke7 25. Kf2 Kd6 26.
Ke3 Kd5 27. Nf3 f6 28. h3 h5 29. h4 Bf5 30. Nd4 Bd7 31. Ne2 Bg4 32. Ng3 g6 33. Ne4 Ke6 34. Kd2 Bf5 35. Ng3 Bd3 36.
Ke3 f5 37. Kd4 Kd6 38. Nh1 b5 39. Nf2 Bc2 40. g3 b6 41. Nh3 Bb1 42. Ng5 Bc2 43.
Nf7+ Ke6 44. Ne5 Kd6 45. Nxg6 Bd1 46. Ne5 Be2 47. Ke3 Bd1 48. Nf7+ Ke6 49. Nd8+ Kd6 50.
Kd4 Be2 51. Nf7+ Ke6 52. Ne5 Kd6 53. Ke3 Bd1 54. Kd2 Bb3 55. Nf3 Ke6 56. Nd4+ Kf6 57.
Nxb5 Ba4 58. Nd4 1-0

[Event "Early-Titled-Tuesday-Blitz-June-18-2024"]
[Site "Chess.com"]
[Date "2024.06.18"]
[Round "8"]
[White "Laico"]
[Black "Kostukov_Alex"]
[Result "1-0"]
[WhiteElo "2441"]
[BlackElo "2311"]
[TimeControl "180+1"]
[EndTime "9:31:16 PDT"]
[Termination "Laico won on time"]

1. e4 c5 2. Nc3 g6 3. f4 Bg7 4.
Nf3 Nc6 5. Bb5 Nd4 6. O-O e6 7. d3 Ne7 8. Nxd4 cxd4 9. Ne2 Nc6 10. Ba4 d6 11. f5 exf5 12. Ng3 fxe4 13. Nxe4 O-O 14. Bg5 f6 15. Bb3+ d5 16. Bf4 Kh8 17. Nd6 Ne5 18. Bxe5 fxe5 19. Nf7+ Rxf7 20. Rxf7 Rb8 21.
Qd2 Be6 22. Rf2 Qh4 23. Raf1 Bh6 24. Qb4 Be3 25. Qd6 Re8 26. Qxe5+ Kg8 27. Bxd5 Qe7 28. Qxe6+ Qxe6 29. Bxe6+ Rxe6 30. Re1 Rb6 31. b3 Ra6 32. a4 Rc6 33. Rxe3 dxe3 34. Re2 Kf7 35. g3 Kf6 36. Kg2 Ke5 37. Rxe3+ Kd4 38. Re2 Kc3 39. Kf3 Rf6+ 40.
Kg4 h6 41. h4 a5 42. h5 gxh5+ 43. Kxh5 Rf3 44. Rg2 Rf6 45. g4 b6 46. Kh4 Rf1 47.
Kh5 Rf6 48. Kh4 Rf1 49. Kg3 Rf6 50. Rf2 Rg6 51. Kf3 Rf6+ 52. Ke3 Re6+ 53. Kf4 Rf6+ 54. Kg3 Re6 55. Kh4 Re3 56. Rh2 1-0

[Event "Early-Titled-Tuesday-Blitz-June-18-2024"]
[Site "Chess.com"]
[Date "2024.06.18"]
[Round "8"]
[White "Nicolik"]
[Black "Rosh1610"]
[Result "1-0"]
[WhiteElo "2646"]
[BlackElo "2484"]
[TimeControl "180+1"]
[EndTime "9:31:17 PDT"]
[Termination "Nicolik won by resignation"]

1. d4 Nf6 2. Nc3 e6 3. Bf4 d5 4. Nb5 Na6 5. e3 c6 6. Nc3 Nc7 7. Nf3 Bd6 8. Ne5 h6 9. h4 Qe7 10. Qf3 Bd7 11. g4 O-O-O 12. a3 Be8 13. Be2 Nd7 14. Nxd7 Rxd7 15. O-O-O f6 16. e4 e5 17. Bg3 exd4 18. Rxd4 Be5 19. Rd3 d4 20. Na2 Bf7 21.
Kb1 Nb5 22. Rdd1 Nd6 23. Rhe1 Re8 24. Nc1 Bxg3 25. fxg3 Qxe4 26. Qf2 Qe3 27. Qh2 Ne4 28. Bc4 Bxc4 29. Rxe3 dxe3 30. Rxd7 Kxd7 31. b3 e2 32.
Nxe2 Bxe2 33. g5 hxg5 34. hxg5 Nxg5 35. Kb2 Re7 36. Qf2 Bf3 37. Qd2+ Kc8 38. Qf4 Re2 39. Qf5+ Kc7 40. Qg6 Re7 41. Qf5 b6 42. Qf4+ Re5 43. Qc4 Bd5 44. Qh4 Re2 45. Qh8 Ne6 46. Qa8 Be4 47. Qxa7+ Kd6 48. Qxb6 Rxc2+ 49. Ka1 Rc1+ 50.
Kb2 Rc2+ 51. Ka1 Rc3 52. Kb2 Rxg3 53. Qb8+ Nc7 54. Qd8+ Kc5 55. Qxc7 Rg2+ 56. Kc1 Rc2+ 57. Kd1 Rb2 58. Qa5+ Kd4 59. Qb4+ Kd3 60. Qc4+ Ke3 61.
Qc3+ Bd3 62. Qxb2 1-0

[Event "Early-Titled-Tuesday-Blitz-June-18-2024"]
[Site "Chess.com"]
[Date "2024.06.18"]
[Round "8"]
[White "marszach123"]
[Black "ChEsper99"]
[Result "0-1"]
[WhiteElo "1932"]
[BlackElo "2250"]
[TimeControl "180+1"]
[EndTime "9:31:18 PDT"]
[Termination "ChEsper99 won by checkmate"]

1. e4 c6 2. d4 d5 3. e5 Bf5 4. h4 h5 5. Bd3 Bxd3 6. Qxd3 e6 7. Nf3 Qa5+ 8. c3 Be7 9. Bg5 Nh6 10. Bxe7 Kxe7 11. Nbd2 Qa6 12. Qc2 Nf5 13. Nb3 Nd7 14. Ng5 b6 15. Rh3 c5 16. Nf3 Rac8 17. Qd2 Kf8 18. Ng5 cxd4 19. Nxd4 Nxd4 20. cxd4 Ke7 21. Qb4+ Ke8 22. Qd6 Qb7 23. Nxf7 Kxf7 24. Rf3+ Nf6 25. exf6 gxf6 26. Kf1 Rh6 27. Qf4 Rg6 28. Re1 Qd7 29.
Re5 Rf8 30. Rxh5 Ke7 31. Rh7+ Rf7 32. Rxf7+ Kxf7 33. h5 Rg7 34. Qxf6+ Kg8 35. Qf8+ Kh7 36. g3 Qe7 37. Qf4 Qb4 38. Kg2 Qc4 39. Re3 Qc7 40.
h6 Qxf4 41. Rf3 Qxf3+ 42. Kxf3 Rg6 43. Kf4 Rxh6 44. Ke5 Kg7 45. f4 Kf7 46. g4 Rh3 47. g5 Rg3 48. Kd6 Rg4 49. b4 Rxf4 50. a4 Rxd4 51. a5 bxa5 52. b5 Rb4 53. b6 Rxb6+ 54. Kc7 Kg6 55. Kd7 Kxg5 56. Ke7 e5 57. Kf7 e4 58. Kg7 e3 59. Kh8 e2 60. Kh7 e1=Q 61.
Kh8 Qe7 62. Kg8 Rb8# 0-1

[Event "Early-Titled-Tuesday-Blitz-June-18-2024"]
[Site "Chess.com"]
[Date "2024.06.18"]
[Round "8"]
[White "NigiriSushies"]
[Black "masterofpuppets2"]
[Result "0-1"]
[WhiteElo "2311"]
[BlackElo "2485"]
[TimeControl "180+1"]
[EndTime "9:31:19 PDT"]
[Termination "masterofpuppets2 won on time"]

1. d4 d5 2. c4 e6 3. Nc3 Bb4 4.
Nf3 Nf6 5. Bg5 dxc4 6. e4 b5 7. e5 h6 8. Bh4 g5 9. Nxg5 hxg5 10. Bxg5 Nbd7 11. Qf3 Rb8 12. exf6 Bb7 13. Qf4 c5 14. Rd1 cxd4 15. Rxd4 e5 16. Qe3 Qb6 17. Rd1 Bc5 18.
Qe2 Bd4 19. Ne4 Nf8 20. Be3 Ne6 21. Bxd4 exd4 22. Ng5 d3 23. Qe5 Rh5 24. h4 Rd8 25. Rh3 Ba8 26. g4 Rd5 27. Qe3 Qxe3+ 28. Rxe3 Rxh4 29.
Nxe6 fxe6 30. Bg2 Rd8 31. Rxe6+ Kf7 32. Bxa8 Kxe6 33. Bc6 Kxf6 34. Bxb5 Rxg4 35. Kd2 Rb8 36. a4 a6 37. Bxa6 Rxb2+ 38. Kc3 Rc2+ 39. Kb4 Rxf2 40.
Bxc4 Rc2 41. Rxd3 Rcxc4+ 42. Kb5 Rxa4 43. Rf3+ Raf4 44. Rc3 Rf5+ 45. Kb6 Re4 46. Rh3 Re6+ 47. Kc7 Kg7 48. Rg3+ Rg6 49. Rd3 Rf7+ 50. Kd8 Kh7 51. Rh3+ Rh6 52. Rg3 Rg7 53. Rf3 Kg8 54. Ke8 Re6+ 55.
Kd8 Kh8 56. Rf8+ Kh7 57. Rf3 Rh6 58. Kc8 Kg6 59. Rg3+ Kf7 60. Rf3+ Kg8 61. Rd3 Rh8 62. Rh3 Rxh3 0-1

[Event "Early-Titled-Tuesday-Blitz-June-18-2024"]
[Site "Chess.com"]
[Date "2024.06.18"]
[Round "8"]
[White "sammartin99"]
[Black "SuperGPatzer"]
[Result "1/2-1/2"]
[WhiteElo "2317"]
[BlackElo "2111"]
[TimeControl "180+1"]
[EndTime "9:31:20 PDT"]
[Termination "Game drawn - insufficient material"]

1. d4 c5 2. d5 h6 3. c4 g5 4. e4 d6 5. Bd3 Bg7 6. Nc3 Bxc3+ 7. bxc3 Qa5 8. Bd2 Nf6 9. h4 g4 10. h5 Nbd7 11. Qc2 Ne5 12. Be2 Bd7 13. f4 gxf3 14. Nxf3 Qa4 15. Qxa4 Bxa4 16. Nxe5 dxe5 17. Bd3 O-O-O 18.
O-O Rdg8 19. Rf5 Bd7 20. Rxe5 Kd8 21. Be2 Ng4 22. Bxg4 Rxg4 23. Rf1 f6 24. Ref5 Bxf5 25. exf5 Rxc4 26. Rb1 b6 27. Re1 Rh4 28. d6 exd6 29.
Re6 Kd7 30. Rxf6 Rxh5 31. Rf7+ Kc6 32. Kf2 Re8 33. Kf3 Rh1 34. Be3 h5 35. Bf2 Rf1 36.
Rh7 Re5 37. Rxh5 d5 38. g4 d4 39. cxd4 cxd4 40. Kg2 Rc1 41. Bxd4 Rc2+ 42. Kg3 Rd5 43. Bf6 Rxa2 44. Rh8 Rd3+ 45. Kf4 b5 46. Rc8+ Kb7 47. Re8 Ra4+ 48. Kg5 b4 49. Kh5 Rh3+ 50. Kg6 b3 51. g5 Ra2 52. Kf7 b2 53. Bxb2 Rxb2 54. g6 Rf2 55. f6 Rhf3 56. Re6 a5 57.
g7 Rg3 58. g8=Q Rxg8 59. Kxg8 a4 60. f7 a3 61. Re7+ Kb6 62. Re1 Kb5 63. Ra1 Kb4 64. f8=Q+ Rxf8+ 65. Kxf8 Kb3 66. Rxa3+ Kxa3 1/2-1/2

[Event "Early-Titled-Tuesday-Blitz-June-18-2024"]
[Site "Chess.com"]
[Date "2024.06.18"]
[Round "8"]
[White "Eagle_2019"]
[Black "Silent-Killer100"]
[Result "0-1"]
[WhiteElo "2821"]
[BlackElo "2588"]
[TimeControl "180+1"]
[EndTime "9:31:21 PDT"]
[Termination "Silent-Killer100 won on time"]

1. c4 b6 2. Nc3 Bb7 3. d4 Nf6 4. d5 e6 5. e4 exd5 6. e5 Ne4 7. cxd5 Bb4 8. Qd4 Nxc3 9. bxc3 Bc5 10. Qd3 Qe7 11. Nf3 d6 12. Qe4 Nd7 13. Bb5 O-O-O 14.
O-O Nxe5 15. Nd4 Kb8 16. Bf4 Ng6 17. Qf5 Nxf4 18. Qxf4 Bxd4 19. Qxd4 Qg5 20. c4 h5 21. Ba4 h4 22. h3 Rh6 23. Bc2 Bc8 24. Kh2 Rhh8 25. a4 Rhe8 26. Rfe1 Bd7 27. a5 Rxe1 28.
Rxe1 Re8 29. Rxe8+ Bxe8 30. a6 Qe5+ 31. Qxe5 dxe5 32.
g3 hxg3+ 33. fxg3 c6 34. d6 g6 35. g4 Kc8 36. h4 f6 37. Bd1 Kd7 38. h5 gxh5 39.
gxh5 Kxd6 40. h6 Bg6 41. Bh5 Bh7 42. Be8 e4 43. Kg3 Kc5 44. Kf4 b5 45. cxb5 cxb5 46. Bd7 Kd4 47. Bf5 e3 48. Bg4 b4 49. Bd1 b3 50. Bc2 bxc2 0-1

[Event "Early-Titled-Tuesday-Blitz-June-18-2024"]
[Site "Chess.com"]
[Date "2024.06.18"]
[Round "8"]
[White "AldokhinIvan"]
[Black "Gryffindorac8"]
[Result "1-0"]
[WhiteElo "2648"]
[BlackElo "2488"]
[TimeControl "180+1"]
[EndTime "9:31:22 PDT"]
[Termination "AldokhinIvan won on time"]

1. e4 c5 2. Nf3 d6 3. d4 cxd4 4.
Nxd4 Nf6 5. Nc3 a6 6. Bg5 e6 7.
Qd2 Be7 8. O-O-O h6 9. Be3 Ng4 10. Kb1 Nxe3 11. Qxe3 Nc6 12. f4 O-O 13. g4 Qc7 14. h4 Nxd4 15. Rxd4 b5 16. g5 h5 17.
f5 Qc5 18. Bh3 b4 19. Ne2 e5 20. Rd3 Qxe3 21. Rxe3 f6 22. g6 Bb7 23. Rd1 Rfd8 24. Bg2 Rd7 25. Ng3 Rad8 26. Red3 a5 27. Nxh5 d5 28.
exd5 Bc5 29. Ng3 Bf2 30. Ne4 Bd4 31. c3 bxc3 32. bxc3 Ba7 33. Kc2 Ba6 34. Rh3 Bc4 35.
h5 Bxd5 36. Rxd5 Rxd5 37. h6 R8d7 38. hxg7 Kxg7 39. Rh7+ Kf8 40. Nxf6 Rd2+ 41. Kb3 Rxh7 42. Nxh7+ Kg7 43. Be4 Re2 44. f6+ Kh6 45. f7 Bc5 46. Bd3 Rf2 47. Kc4 Kg7 48. Kxc5 Rf3 49. Kc4 Rf4+ 50.
Kd5 1-0

[Event "Early-Titled-Tuesday-Blitz-June-18-2024"]
[Site "Chess.com"]
[Date "2024.06.18"]
[Round "8"]
[White "H3nriqueTV"]
[Black "N18player"]
[Result "0-1"]
[WhiteElo "2378"]
[BlackElo "2533"]
[TimeControl "180+1"]
[EndTime "9:31:22 PDT"]
[Termination "N18player won by checkmate"]

1. e4 c5 2. Nf3 d6 3. d4 cxd4 4. Nxd4 Nf6 5. Nc3 a6 6. Be2 e5 7. Nb3 Be7 8. O-O O-O 9. Be3 Be6 10. Re1 Nbd7 11. a4 Rc8 12. a5 Qc7 13. Bf3 Rfd8 14.
h3 Nc5 15. Nxc5 dxc5 16. Qe2 Rd7 17. Na4 Rcd8 18. Nb6 Rd6 19. c4 Rxb6 20. axb6 Qxb6 21. Red1 Rc8 22. Rd2 Qb4 23. Rc1 h6 24. g4 Nh7 25.
Rdc2 Bd7 26. Qd2 Qxd2 27. Rxd2 Bc6 28. Bg2 Bg5 29. Bxg5 Nxg5 30. f3 Ne6 31. Kf2 Nd4 32. Rc3 Kf8 33. Ke3 g5 34. Rd1 Ke7 35. Rb1 a5 36. h4 Ne6 37. hxg5 hxg5 38. Rh1 Ra8 39.
Bf1 Ra6 40. Rc2 Rb6 41. Rh7 Rb4 42. Rch2 Rb3+ 43. Bd3 b5 44. cxb5 Bxb5 45. Rd2 c4 46.
Rh8 cxd3 47. Rb8 Nd4 48. Rb7+ Kf8 49. Kf2 Bc4 50. Rxb3 Nxb3 51. Rd1 d2 52. Ke3 Be6 53. Ke2 Ke7 54. Rh1 Kd6 55. Kd1 Kc5 56. Rh2 Kd4 57. Rh5 Ke3 58. Rxg5 Nd4 59. Rxe5 Bb3# 0-1

[Event "Early-Titled-Tuesday-Blitz-June-18-2024"]
[Site "Chess.com"]
[Date "2024.06.18"]
[Round "8"]
[White "ellatambien"]
[Black "Barmen_EV"]
[Result "1-0"]
[WhiteElo "2693"]
[BlackElo "2539"]
[TimeControl "180+1"]
[EndTime "9:31:23 PDT"]
[Termination "ellatambien won on time"]

1. e4 e6 2. d4 d5 3. Nd2 a6 4. Ngf3 c5 5. exd5 exd5 6. c4 Nf6 7. cxd5 Nxd5 8. Be2 Nc6 9. O-O cxd4 10. Nb3 Be7 11.
Nbxd4 Nxd4 12. Nxd4 O-O 13. Bf3 Bf6 14. Re1 Qb6 15. Bxd5 Bxd4 16. Be3 Bxe3 17. Rxe3 Qxb2 18.
Rb1 Qf6 19. Bxb7 Bxb7 20. Rxb7 Rad8 21. Qe1 h6 22. h3 Qc6 23. Ree7 Qc2 24. Re2 Qc4 25.
Rb3 a5 26. Kh2 a4 27. Rg3 Qf4 28. Re4 Qd2 29. Qa1 g6 30. Qf6 Qd6 31. Qxd6 Rxd6 32.
Rxa4 Rd2 33. Rf3 h5 34. Kg3 Kg7 35. Ra7 Kh6 36. h4 f6 37. a4 g5 38. hxg5+ Kxg5 39. Ra5+ f5 40. Kh2 h4 41. Kh3 Ra2 42. Ra7 Rf6 43.
a5 Kg6 44. Kxh4 Ra4+ 45. Kh3 Kg5 46. g3 Rh6+ 47. Kg2 Ra1 48. Rb3 Rhh1 49. Kf3 Rhf1 50. Rb2 Ra3+ 51. Kg2 Raa1 52. Ra6 Rg1+ 53. Kf3 Ra3+ 54.
Ke2 Rg2 55. Kf1 Rh2 56. Kg1 1-0

[Event "Early-Titled-Tuesday-Blitz-June-18-2024"]
[Site "Chess.com"]
[Date "2024.06.18"]
[Round "8"]
[White "cthake"]
[Black "teresin05"]
[Result "0-1"]
[WhiteElo "1831"]
[BlackElo "2303"]
[TimeControl "180+1"]
[EndTime "9:31:24 PDT"]
[Termination "teresin05 won by resignation"]

1. e4 c5 2. Nf3 Nc6 3. Bb5 e6 4. c3 Nge7 5. d4 cxd4 6. cxd4 a6 7. Be2 Ng6 8. O-O Be7 9. Nc3 O-O 10. Be3 b5 11. a3 Bb7 12. d5 Nce5 13. Nxe5 Nxe5 14.
Bd4 Qc7 15. Rc1 Qb8 16. b3 Bd6 17. Be3 Bxa3 18. Rc2 Ng6 19. f4 Be7 20. e5 b4 21.
d6 bxc3 22. dxe7 Nxe7 23. Rxc3 Nd5 24. Rd3 Nxe3 25. Rxe3 Bd5 26. Bc4 Qb6 27. Re1 Bxc4 28. bxc4 Rac8 29. Qe2 Rc7 30. Kf1 Rfc8 31. Rc3 d5 32. Rec1 Qd4 33. c5 Qxf4+ 34. Kg1 Qd4+ 35. Kf1 Rxc5 36. Rxc5 Rxc5 37. Rb1 g6 38. Qxa6 Kg7 39. Qe2 Qf4+ 40. Kg1 d4 41. Rf1 Qxe5 42. Qf3 Rc7 43. Qd3 Rd7 44. Kh1 Qd5 45. h3 e5 46. Qf3 Qxf3 47. Rxf3 d3 48. Rf1 d2 49. Rd1 e4 50. Kg1 e3 51. Kf1 f5 52. g3 g5 53. Ke2 f4 54. gxf4 gxf4 55. Kf3 Re7 56. Ke2 Kf6 57. Rf1 Kf5 58. h4 Rd7 59. Rd1 Ke4 60.
h5 f3+ 61. Kf1 e2+ 62. Kf2 exd1=Q 0-1

[Event "Early-Titled-Tuesday-Blitz-June-18-2024"]
[Site "Chess.com"]
[Date "2024.06.18"]
[Round "8"]
[White "AlphaPerseii"]
[Black "Nadtkins"]
[Result "1/2-1/2"]
[WhiteElo "2398"]
[BlackElo "2534"]
[TimeControl "180+1"]
[EndTime "9:31:25 PDT"]
[Termination "Game drawn by repetition"]

1. Nf3 Nf6 2. b3 g6 3. Bb2 Bg7 4. e3 d6 5. d4 Nbd7 6. Be2 O-O 7. O-O a5 8. a3 c6 9. c4 Qc7 10. Nc3 e5 11. Qc2 Re8 12. d5 cxd5 13. Rac1 dxc4 14. Bxc4 Nb6 15. Nb5 Qe7 16. Rfd1 Bf5 17. Qd2 Ne4 18. Qe1 Red8 19. Bd3 a4 20. b4 Rac8 21. Rxc8 Nxc8 22. Rc1 Nb6 23. Qd1 d5 24. h3 h5 25. Rc7 Rd7 26. Rc1 Nxf2 27. Kxf2 e4 28. Bxg7 Kxg7 29. Be2 exf3 30.
Bxf3 Qh4+ 31. Kg1 Re7 32. Rc3 Qf6 33. Qd2 Nc4 34. Qxd5 Nxe3 35. Qd4 Nc2 36. Qxf6+ Kxf6 37. Nd6 Re1+ 38. Kf2 Rc1 39. Ne4+ Ke5 40. Nc5 Ra1 41. Nxa4 Rxa3 42. Rxa3 Nxa3 43. Bxb7 Bc2 44. Nc5 f5 45. Ke3 g5 46. Kd2 Be4 47. Bxe4 fxe4 48. Ke3 Nc4+ 49. Ke2 Nb6 50. Nb3 Nd5 51. b5 Nc3+ 52. Ke3 Nxb5 53. Nc5 Nd6 54. g4 h4 55. Nd7+ Kd5 56.
Nf6+ Ke6 57. Nh7 Nf7 58. Kxe4 Nd6+ 59. Kd4 Nf7 60. Ke4 Nd6+ 61. Kd4 Nf7 62. Ke4 1/2-1/2

[Event "Early-Titled-Tuesday-Blitz-June-18-2024"]
[Site "Chess.com"]
[Date "2024.06.18"]
[Round "8"]
[White "MasterKroket"]
[Black "LuisFSiles"]
[Result "0-1"]
[WhiteElo "2514"]
[BlackElo "2345"]
[TimeControl "180+1"]
[EndTime "9:31:25 PDT"]
[Termination "LuisFSiles won on time"]

1. e4 c5 2. Nf3 Nc6 3. d4 cxd4 4. Nxd4 Nf6 5. Nc3 e5 6. Ndb5 d6 7. Bg5 a6 8. Na3 b5 9. Nd5 Be7 10. Bxf6 Bxf6 11. c3 O-O 12. Nc2 Rb8 13. Nce3 Bg5 14. h4 Bh6 15. g4 Bf4 16. h5 Be6 17. Be2 Ne7 18. Nxf4 exf4 19. Ng2 g5 20. hxg6 fxg6 21.
Nh4 Nc6 22. Qd2 Ne5 23. f3 Bc4 24. Rd1 Qb6 25. Ng2 Nxg4 26. Bxc4+ bxc4 27. fxg4 f3 28. Ne3 Rbe8 29. Qd5+ Rf7 30. Nxc4 Qb5 31. Qxb5 Rxe4+ 32. Kf1 axb5 33. Nxd6 Rd7 34. Rh2 Rxg4 35. Rhd2 Rh4 36. Kf2 h5 37. Kxf3 Kh7 38. Nxb5 Rf7+ 39. Ke3 Rh3+ 40.
Kd4 Rf4+ 41. Kc5 h4 42. Rd4 Rf5+ 43. Rd5 Rf2 44. R1d2 Rhh2 45. Rxf2 Rxf2 46. b4 h3 47. Rd3 h2 48. Rh3+ Kg7 49. a4 g5 50. Nd6 g4 51.
Rh4 g3 52. Ne4 Rf5+ 53. Kc4 g2 54. Rg4+ Kf8 55. Rxg2 h1=Q 56. Rd2 Qxe4+ 57. Rd4 Qe6+ 58.
Kd3 Rf3+ 59. Kd2 Qe3+ 60. Kc2 Qxc3+ 61. Kb1 Rf1+ 0-1

[Event "Early-Titled-Tuesday-Blitz-June-18-2024"]
[Site "Chess.com"]
[Date "2024.06.18"]
[Round "8"]
[White "UF_10"]
[Black "Chessmatenokk17"]
[Result "0-1"]
[WhiteElo "2563"]
[BlackElo "2801"]
[TimeControl "180+1"]
[EndTime "9:31:26 PDT"]
[Termination "Chessmatenokk17 won on time"]

1. d4 Nf6 2. Nf3 e6 3. Bf4 c5 4. e3 Be7 5. c3 b6 6. Nbd2 cxd4 7. exd4 O-O 8. Bd3 Ba6 9. Bxa6 Nxa6 10. Ke2 Nc7 11.
Re1 Ncd5 12. Bg3 b5 13. Kf1 d6 14. Qe2 Qb6 15. Kg1 Rfc8 16. h3 a5 17. Rac1 a4 18. a3 Qc6 19. Rcd1 Nb6 20. Ng5 Bf8 21. Nxf7 Kxf7 22. Qxe6+ Kg6 23. Nf3 h6 24. Nh4+ Kh7 25. Qf7 Qd7 26. Qg6+ Kh8 27. Nf5 Re8 28. Bh4 Nbd5 29.
Nxh6 gxh6 30. Bxf6+ Nxf6 31. Qxf6+ Qg7 32. Qf5 Qg5 33.
Qf7 Re7 34. Rxe7 Qxe7 35. Qd5 Rb8 36. Rd3 Qg5 37. Qf7 Bg7 38. Rg3 Qf6 39. Qd5 Qf4 40.
Rf3 Qc1+ 41. Kh2 Qxb2 42. Qxd6 Rg8 43. Rg3 Qd2 44. Qe6 Qf4 45. Kg1 Rf8 46. Rf3 Qc1+ 47. Kh2 Rxf3 48. gxf3 Qf4+ 49. Kg2 Bf8 50. Qe8 Kg7 51.
Qd7+ Kg8 52. Qxb5 Qg5+ 53. Qxg5+ hxg5 54. c4 Bxa3 55. c5 Bb4 0-1

[Event "Early-Titled-Tuesday-Blitz-June-18-2024"]
[Site "Chess.com"]
[Date "2024.06.18"]
[Round "8"]
[White "Javokhir_Sindarov05"]
[Black "temus_galaktionov"]
[Result "1/2-1/2"]
[WhiteElo "3049"]
[BlackElo "2857"]
[TimeControl "180+1"]
[EndTime "9:31:28 PDT"]
[Termination "Game drawn by agreement"]

1. e4 c6 2. d4 g6 3. Nf3 Bg7 4. Nc3 d6 5. h3 Nd7 6. a4 e5 7.
Be3 Ngf6 8. dxe5 dxe5 9. Bc4 Qe7 10. a5 O-O 11. O-O Nc5 12. Nd2 Rd8 13. Qe1 Nh5 14. Na4 Ne6 15. Kh2 Nd4 16. Qd1 Be6 17. Bxe6 Nxe6 18.
c3 Nhf4 19. g3 Nd3 20. Qe2 f5 21. exf5 gxf5 22. Nf3 e4 23. Nh4 f4 24. Bd2 e3 25.
Bxe3 fxe3 26. Qxe3 Qf7 27. Rad1 Ne5 28. Rxd8+ Rxd8 29.
Qxa7 Ng5 30. Qe3 Ngf3+ 31. Nxf3 Nxf3+ 32. Kg2 Nd2 33. Re1 Qd5+ 34. f3 Qxa5 35. Nc5 Qa2 36. Re2 Qxb2 37. Qg5 Rf8 38. Ne6 Qxc3 39. Rxd2 Qxf3+ 40.
Kh2 Qf6 41. Qg4 Re8 42. Nxg7 Qxg7 43. Qxg7+ Kxg7 44. Rd7+ Kg6 45. Rxb7 Re2+ 46. Kg1 Rc2 47. Rc7 h5 48. Kf1 Kg5 49. Rg7+ Kf6 50. Rc7 Kf5 51. Rf7+ Ke4 52. Rf4+ Ke3 53. Rf5 h4 54. gxh4 Rh2 55. h5 Rxh3 56. Kg2 Rh4 57. Kg3 Rh1 58. Kg4 Kd4 59.
Rf4+ Kd3 60. Rf3+ Kd4 61. Rh3 Rxh3 62. Kxh3 Ke5 63. Kg4 Kf6 64. Kf4 Kg7 65. Ke5 Kh6 66.
Kd6 1/2-1/2

[Event "Early-Titled-Tuesday-Blitz-June-18-2024"]
[Site "Chess.com"]
[Date "2024.06.18"]
[Round "8"]
[White "David_ATM"]
[Black "ejalmedina"]
[Result "0-1"]
[WhiteElo "2413"]
[BlackElo "2332"]
[TimeControl "180+1"]
[EndTime "9:31:30 PDT"]
[Termination "ejalmedina won by checkmate"]

1. e4 e5 2. Nf3 Nc6 3. Bb5 a6 4. Ba4 Nf6 5. O-O Be7 6. Re1 b5 7. Bb3 d6 8. c3 O-O 9. h3 Na5 10.
Bc2 c5 11. d4 Qc7 12. Nbd2 cxd4 13. cxd4 Nc6 14. d5 Nb4 15. Bb1 a5 16. Nf1 Bd7 17.
Be3 Rfc8 18. Re2 a4 19. a3 Na6 20. Bd3 Qb7 21. Rc1 Bd8 22. Rec2 Bb6 23. Qe2 Bxe3 24. Qxe3 Nc5 25. Rxc5 dxc5 26. Rxc5 Rxc5 27. Qxc5 Re8 28. Ne3 Nh5 29. g3 g6 30. Kg2 f6 31.
Qd6 Kf7 32. Nc2 Rc8 33. Nb4 Qc7 34. Qa6 Qc5 35. Qb7 Rc7 36. Qa8 Rc8 37. Qb7 Qc7 38. Qa6 Rb8 39. d6 Qb6 40. Qxb6 Rxb6 41. Ne1 Rxd6 42.
Nec2 Ng7 43. Ne3 Ne6 44. Ned5 Nd4 45. f3 h5 46. Kf2 g5 47. h4 gxh4 48. gxh4 Be6 49.
Ne3 Bb3 50. Bf1 Rd7 51. Bh3 Rc7 52. Ke1 Be6 53. Bxe6+ Kxe6 54. Kf2 Rc1 55. Ned5 Rh1 56. Nc7+ Kd7 57. Ncd5 Ke6 58. Nc7+ Kf7 59. Nbd5 Rh2+ 60. Kg3 Rxb2 61. Nc3 Rb3 62. N3d5 Rxf3+ 63. Kg2 Rxa3 64. Na6 Rb3 65. Nb6 a3 66. Nc5 Rb2+ 67. Kg3 a2 68. Nc8 a1=Q 69. Nd6+ Kg7 70. Nf5+ Nxf5+ 71. exf5 Qa3+ 72.
Nd3 Qxd3# 0-1

[Event "Early-Titled-Tuesday-Blitz-June-18-2024"]
[Site "Chess.com"]
[Date "2024.06.18"]
[Round "8"]
[White "RandomNoob04"]
[Black "axvesik"]
[Result "1-0"]
[WhiteElo "2809"]
[BlackElo "2554"]
[TimeControl "180+1"]
[EndTime "9:31:33 PDT"]
[Termination "RandomNoob04 won by resignation"]

1. e4 e6 2. d4 d5 3. e5 c5 4. c3 Nc6 5. Nf3 Bd7 6. Bd3 cxd4 7.
cxd4 Qb6 8. O-O Nxd4 9. Nxd4 Qxd4 10. Nc3 a6 11. Qe2 Qa7 12. Kh1 Bc5 13. f4 Ne7 14.
f5 exf5 15. Bg5 Be6 16. Bxe7 Bxe7 17. Bxf5 O-O 18. Bc2 Rfd8 19. Rad1 Rac8 20. Qf3 g6 21. Bb3 Qc5 22. Bxd5 Qb6 23. Bxb7 Rxd1 24. Nxd1 Rc7 25.
Bd5 Rc1 26. h3 Bxd5 27. Qxd5 Qe6 28. Qxe6 fxe6 29. Ne3 Rxf1+ 30. Nxf1 Bc5 31. Nd2 Bd4 32. Nc4 Kf7 33. g4 Ke8 34. Kg2 Kd7 35. Kf3 Kc6 36. Ke4 Bf2 37. Nd2 Bh4 38. Nf3 Be7 39. h4 Kd7 40. h5 gxh5 41. gxh5 h6 42. Nd2 Kc6 43. Nf1 Kc5 44. Ne3 Kb5 45. Ng4 Bf8 46. Nf6 Kc6 47. Kd4 Bc5+ 48. Kc4 Be3 49. b4 Bc1 50. a4 Bf4 51. b5+ axb5+ 52. axb5+ Kb6 53. Ng4 Bc1 54. Nf2 Bb2 55. Nd3 Ba1 56. Kb4 Bd4 57. Kc4 Ba1 58. Kb4 Bd4 59. Ka4 Ba1 60. Nf4 Bxe5 61. Nxe6 Ba1 62.
Kb4 Be5 63. Kc4 Bf6 64. Nc5 Be7 65. Na4+ Ka5 66. Nc3 Kb6 67. Nd5+ 1-0

[Event "Early-Titled-Tuesday-Blitz-June-18-2024"]
[Site "Chess.com"]
[Date "2024.06.18"]
[Round "8"]
[White "elis06"]
[Black "JanMur7"]
[Result "0-1"]
[WhiteElo "2346"]
[BlackElo "2269"]
[TimeControl "180+1"]
[EndTime "9:31:35 PDT"]
[Termination "JanMur7 won by checkmate"]

1. d4 Nf6 2. c4 a6 3. Nc3 b5 4.
cxb5 axb5 5. Nxb5 e5 6. e3 Ne4 7. Nc3 Bb4 8. Bd2 Nxd2 9. Qxd2 O-O 10. dxe5 Bb7 11. Nf3 Qe7 12. Be2 Nc6 13. O-O Nxe5 14.
Nxe5 Qxe5 15. f4 Qe6 16. Bf3 d5 17. a3 Bc5 18. Rae1 Rad8 19. Nb5 c6 20. Nd4 Qf6 21. b4 Bb6 22. a4 Ba6 23. Rf2 Rfe8 24. Rd1 Rb8 25. Rc1 Bxd4 26. exd4 Qd6 27. Rb1 Bc4 28. g3 Ra8 29. a5 Reb8 30. Kg2 h6 31. Qc3 Rxa5 32.
Re1 Raa8 33. Re5 Qxb4 34. Qe3 Qd6 35. Be2 Rb3 36. Qd2 Bxe2 37. Rfxe2 Rbb8 38. Qe1 Rc8 39. Re8+ Rxe8 40. Rxe8+ Rxe8 41. Qxe8+ Kh7 42. Qe3 Qe6 43. Qd3+ g6 44. h3 h5 45. Qd2 Qd6 46. Kf3 c5 47.
dxc5 Qxc5 48. Kg2 Qc4 49. Qe3 d4 50. Qe5 d3 51. Qd6 Qe4+ 52. Kf2 Qe2+ 53. Kg1 d2 54. Qd7 d1=Q+ 55. Qxd1 Qxd1+ 56. Kf2 Qd3 57. Kg2 Qa3 58. Kf2 Qb3 59. Kg2 Kg7 60. Kf2 Kf6 61. g4 hxg4 62. hxg4 g5 63. fxg5+ Kxg5 64. Ke2 Kxg4 65. Kd2 Qf3 66.
Kc2 Qe3 67. Kb2 Qd3 68. Kc1 Qe2 69. Kb1 Kf3 70. Ka1 Ke3 71. Kb1 Kd3 72. Ka1 Kc3 73. Kb1 Qb2# 0-1

[Event "Early-Titled-Tuesday-Blitz-June-18-2024"]
[Site "Chess.com"]
[Date "2024.06.18"]
[Round "8"]
[White "Losingexperience"]
[Black "doublesik"]
[Result "1-0"]
[WhiteElo "2767"]
[BlackElo "2578"]
[TimeControl "180+1"]
[EndTime "9:31:36 PDT"]
[Termination "Losingexperience won by resignation"]

1. e4 e6 2. d4 d5 3. e5 c5 4. c3 Nc6 5. Nf3 Bd7 6. Be2 Qb6 7. a3 f6 8. O-O c4 9. Nbd2 Qc7 10. Re1 Nge7 11.
Nf1 O-O-O 12. Ng3 Ng6 13. b4 fxe5 14. b5 Na5 15. dxe5 Bc5 16. Rb1 Nb3 17. Bg5 Rdf8 18. Nd4 Nxe5 19. Bf1 h6 20. Be3 Bxd4 21. Bxd4 Ng6 22. Bxg7 Qc5 23. Qc2 Nf4 24. Bxh8 Rxh8 25. Re3 Qxb5 26. Qd1 Rf8 27. Qg4 Qc5 28. Qg7 Qxa3 29.
Rbe1 Qd6 30. Qxh6 a5 31. Rf3 Kc7 32. Qg7 Nh3+ 33. Kh1 Nxf2+ 34. Rxf2 Rxf2 35. Be2 a4 36. Bf3 a3 37. Nh5 a2 38. Nf6 Kb6 39. Nxd7+ Ka7 40. h3 a1=Q 41. Rxa1+ Nxa1 42. Qd4+ b6 43. Qxf2 Qxd7 44.
Qa2+ Kb7 45. Qxa1 e5 46. Qd1 Kc6 47. Qe2 Qd6 48. Qxc4+ Qc5 49. Bxd5+ Kd6 50. Bg8 Qf2 51. Qd5+ Ke7 52. Qxe5+ Kf8 53. Qb8+ Kg7 54. Bd5 Qe1+ 55. Kh2 Qxc3 56. Qg3+ 1-0